ORI
LOUISIANA STATE UNIVERSITY TIGERS @ UNIVERSITY OF OKLAHOMA SOONERS
07/19/2047
 
TOP OF THE 1ST
Louisiana State University Tigers batting - Pitching for University of Oklahoma Sooners : RHP Sam Herrick
Pitching: RHP Sam Herrick
Batting: RHB Winston Vasquez 0-0: Ball
1-0: Foul Ball, location: 2F
1-1: Fly out, F7 (Flyball, 7LS, EV 76.2 MPH)
Batting: LHB Oscar Rivera 0-0: Ball
1-0: Called Strike
1-1: Fly out, F7 (Flyball, 7, EV 88.8 MPH)
Batting: RHB Leo Roldan 0-0: Called Strike
0-1: Fly out, F9 (Line Drive, 9, EV 91.2 MPH)
Top of the 1st over - 0 runs, 0 hits, 0 errors, 0 left on base; Louisiana State University 0 - University of Oklahoma 0
BOTTOM OF THE 1ST
University of Oklahoma Sooners batting - Pitching for Louisiana State University Tigers : RHP Angel Pastor
Pitching: RHP Angel Pastor
Batting: LHB Alex Benabides 0-0: Foul Ball, location: 2F
0-1: Foul Ball, location: 2F
0-2: Strikes out swinging
Batting: RHB Victor Borras 0-0: Ball
1-0: Fly out, F7 (Flyball, 78M, EV 96.2 MPH)
Batting: RHB Jon Chatman 0-0: Swinging Strike
0-1: Ball
1-1: Ground out 6-3 (Groundball, 6S, EV 80.0 MPH)
Bottom of the 1st over - 0 runs, 0 hits, 0 errors, 0 left on base; Louisiana State University 0 - University of Oklahoma 0
TOP OF THE 2ND
Louisiana State University Tigers batting - Pitching for University of Oklahoma Sooners : RHP Sam Herrick
Batting: RHB Keith Ashton 0-0: Ball
1-0: Ground out 1-3 (Groundball, 13S, EV 70.0 MPH)
Batting: LHB Elijah Mallandain 0-0: Called Strike
0-1: Foul Ball, location: 2F
0-2: Foul Ball, location: 2F
0-2: Ball
1-2: Ball
2-2: Foul Ball, location: 2F
2-2: Foul Ball, location: 2F
2-2: Strikes out swinging
Batting: RHB Peter Turcotte 0-0: Ball
1-0: Fly out, F9 (Flyball, 9LM, EV 76.2 MPH)
Top of the 2nd over - 0 runs, 0 hits, 0 errors, 0 left on base; Louisiana State University 0 - University of Oklahoma 0
BOTTOM OF THE 2ND
University of Oklahoma Sooners batting - Pitching for Louisiana State University Tigers : RHP Angel Pastor
Batting: LHB Alex Gutierrez 0-0: Ball
1-0: SINGLE (Line Drive, 7S, EV 98.1 MPH)
Batting: RHB Jesus Montoya 0-0: Foul Ball, location: 2F
0-1: Ball
1-1: Swinging Strike
1-2: Ball
2-2: Foul Ball, location: 2F
2-2: Foul Ball, location: 2F
2-2: Foul Ball, location: 2F
2-2: SINGLE (Line Drive, 6MD, EV 96.2 MPH)
Alex Gutierrez to second
Runner from 2nd tries for 3rd, SAFE, throw by CF made to third
Batting: LHB Cameron Marinelli 0-0: Ground out 5-3 (Groundball, 5L, EV 101.9 MPH)
Alex Gutierrez scores
Jesus Montoya to second
Batting: RHB Jon Hubbard 0-0: Ball
1-0: Swinging Strike
1-1: Called Strike
1-2: Ball
2-2: DOUBLE (Line Drive, 9LS, EV 101.9 MPH)
Jesus Montoya scores
Batting: RHB Alex Perez 0-0: Called Strike
0-1: Ground out 4-3 (Groundball, 4D, EV 85.0 MPH)
Jon Hubbard to third
Batting: LHB Toby Clark 0-0: Called Strike
0-1: Foul Ball, location: 2F
0-2: Strikes out swinging
Bottom of the 2nd over - 2 runs, 3 hits, 0 errors, 1 left on base; Louisiana State University 0 - University of Oklahoma 2
TOP OF THE 3RD
Louisiana State University Tigers batting - Pitching for University of Oklahoma Sooners : RHP Sam Herrick
Batting: LHB Alex Morales 0-0: Ball
1-0: Called Strike
1-1: Ball
2-1: Ball
3-1: Foul Ball, location: 2F
3-2: Base on Balls
Batting: RHB David Dye 0-0: Ball
1-0: Ball
2-0: Called Strike
2-1: TRIPLE (Line Drive, 78XD, EV 105.6 MPH)
Alex Morales scores
Batting: RHB Alfredo Padilla 0-0: Called Strike
0-1: Fly out, F8 (Flyball, 8RM, EV 78.1 MPH)
Runner from 3rd tags up, SCORES, throw by CF
Batting: RHB Winston Vasquez 0-0: Ground out 5-3 (Groundball, 56, EV 107.5 MPH)
Batting: LHB Oscar Rivera 0-0: Swinging Strike
0-1: Called Strike
0-2: Strikes out swinging
Top of the 3rd over - 2 runs, 1 hit, 0 errors, 0 left on base; Louisiana State University 2 - University of Oklahoma 2
BOTTOM OF THE 3RD
University of Oklahoma Sooners batting - Pitching for Louisiana State University Tigers : RHP Angel Pastor
Batting: LHB Alex Benabides 0-0: Ball
1-0: Swinging Strike
1-1: Ball
2-1: Fly out, F7 (Line Drive, 7S, EV 90.0 MPH)
Batting: RHB Victor Borras 0-0: Called Strike
0-1: Foul Ball, location: 2F
0-2: Foul Ball, location: 2F
0-2: Strikes out swinging
Batting: RHB Jon Chatman 0-0: Ground out 6-3 (Groundball, 56, EV 86.2 MPH)
Bottom of the 3rd over - 0 runs, 0 hits, 0 errors, 0 left on base; Louisiana State University 2 - University of Oklahoma 2
TOP OF THE 4TH
Louisiana State University Tigers batting - Pitching for University of Oklahoma Sooners : RHP Sam Herrick
Batting: RHB Leo Roldan 0-0: Ball
1-0: Ball
2-0: Ball
3-0: Called Strike
3-1: Base on Balls
Pitching: RHP Mike Lofgren
Batting: RHB Keith Ashton 0-0: Ball
1-0: Fly out, F8 (Flyball, 8LM, EV 93.8 MPH)
Batting: LHB Elijah Mallandain 0-0: Foul Ball, location: 2F
0-1: Ball
1-1: Ball
2-1: Ball
3-1: Foul Ball, location: 2F
3-2: Fly out, F9 (Flyball, 9S, EV 89.4 MPH)
Batting: RHB Peter Turcotte 0-0: Swinging Strike
0-1: Ball
1-1: Swinging Strike
1-2: Foul Ball, location: 2F
1-2: Strikes out swinging
Top of the 4th over - 0 runs, 0 hits, 0 errors, 1 left on base; Louisiana State University 2 - University of Oklahoma 2
BOTTOM OF THE 4TH
University of Oklahoma Sooners batting - Pitching for Louisiana State University Tigers : RHP Angel Pastor
Batting: LHB Alex Gutierrez 0-0: Ground out 6-3 (Groundball, 6, EV 108.8 MPH)
Batting: RHB Jesus Montoya 0-0: Called Strike
0-1: SINGLE (Groundball, 56D, EV 93.8 MPH)
Pitching: LHP Nathan Waters
Batting: LHB Cameron Marinelli 0-0: Ball
1-0: Ball
Jesus Montoya is caught stealing 2nd base 2-6
2-0: Ball
3-0: Called Strike
3-1: Base on Balls
Batting: RHB Jon Hubbard 0-0: Called Strike
0-1: Foul Ball, location: 2F
0-2: Ball
1-2: Ball
2-2: Ball
3-2: Foul Ball, location: 2F
3-2: Base on Balls
Cameron Marinelli to second
Batting: RHB Alex Perez
Batting: LHB Paul Mooris 0-0: Ground out 3-1 (Groundball, 34S, EV 81.2 MPH)
Bottom of the 4th over - 0 runs, 1 hit, 0 errors, 2 left on base; Louisiana State University 2 - University of Oklahoma 2
TOP OF THE 5TH
Louisiana State University Tigers batting - Pitching for University of Oklahoma Sooners : RHP Mike Lofgren
Now at C: Jason Higgins
Now at 1B: Sugiarto Kartosuwiryo
Now at 2B: Myles Sabine
Now in LF: Kjeld Leen
Now in CF: Virgil Wenz
Now in RF: Eric Peterson
Pinch Hitting: RHB D.J. Ganz 0-0: Ball
1-0: Ball
2-0: Foul Ball, location: 2F
2-1: Fly out, F9 (Flyball, 9, EV 87.5 MPH)
Batting: RHB David Dye 0-0: Called Strike
0-1: Ball
1-1: Ball
2-1: Foul Ball, location: 2F
2-2: Ground out 4-3 (Groundball, 34, EV 93.8 MPH)
Batting: RHB Alfredo Padilla 0-0: Called Strike
0-1: Ball
1-1: Ground out 5-3 (Groundball, 56, EV 82.5 MPH)
Top of the 5th over - 0 runs, 0 hits, 0 errors, 0 left on base; Louisiana State University 2 - University of Oklahoma 2
BOTTOM OF THE 5TH
University of Oklahoma Sooners batting - Pitching for Louisiana State University Tigers : LHP Nathan Waters
Now at C: Stone Fraser
Now at 1B: Ding-bong Zhào
Now at 2B: Michael Maier
Now at 3B: Graham Beamish
Now at SS: Steve McCoig
Now in LF: Brian Caruso
Now in CF: John Carter
Now in RF: Elvin Ruffolo
Batting: LHB Toby Clark 0-0: Called Strike
0-1: Ball
1-1: Ball
2-1: Foul Ball, location: 2F
2-2: Ball
3-2: Strikes out swinging
Batting: RHB Sugiarto Kartosuwiryo 0-0: Foul Ball, location: 2F
0-1: Swinging Strike
0-2: Ball
1-2: Fly out, F7 (Line Drive, 7, EV 89.4 MPH)
Batting: RHB Kjeld Leen 0-0: Called Strike
0-1: Swinging Strike
0-2: Ball
1-2: Strikes out looking
Bottom of the 5th over - 0 runs, 0 hits, 0 errors, 0 left on base; Louisiana State University 2 - University of Oklahoma 2
TOP OF THE 6TH
Louisiana State University Tigers batting - Pitching for University of Oklahoma Sooners : RHP Mike Lofgren
Pitching: RHP Frank Diego
Batting: SHB Brian Caruso 0-0: Swinging Strike
0-1: Foul Ball, location: 2F
0-2: Ground out 4-3 (Groundball, 4, EV 86.9 MPH)
Batting: RHB Steve McCoig 0-0: Ball
1-0: Called Strike
1-1: Foul Ball, location: 2F
1-2: Strikes out looking
Batting: RHB Stewart Walker 0-0: Called Strike
0-1: Fly out, F7 (Flyball, 7S, EV 96.2 MPH)
Top of the 6th over - 0 runs, 0 hits, 0 errors, 0 left on base; Louisiana State University 2 - University of Oklahoma 2
BOTTOM OF THE 6TH
University of Oklahoma Sooners batting - Pitching for Louisiana State University Tigers : LHP Nathan Waters
Batting: RHB Virgil Wenz 0-0: Called Strike
0-1: Ball
1-1: Foul Ball, location: 2F
1-2: Ball
2-2: Ball
3-2: Base on Balls
Batting: RHB Eric Peterson
Pinch Hitting: LHB Pedro Marrero 0-0: Called Strike
0-1: Ball
1-1: Fly out, F9 (Flyball, 9D, EV 96.9 MPH)
Pinch Hitting: RHB David Stuckey 0-0: Called Strike
Virgil Wenz steals 2nd, throwing error, E2
Virgil Wenz to third
0-1: Ball
1-1: Ball
2-1: Ball
3-1: Base on Balls
Batting: RHB Jason Higgins 0-0: Ball
1-0: Called Strike
1-1: Fly out, F8 (Flyball, 8RM, EV 85.6 MPH)
Runner from 3rd tags up, SCORES, throw by CF
Pinch Hitting: RHB Sam Mason 0-0: Reached on error, E6 (Groundball, 6, EV 110.0 MPH)
David Stuckey to second
Batting: SHB Benedetto Legnano 0-0: Reached on error, E4 (Groundball, 4, EV 82.5 MPH)
David Stuckey to third
Sam Mason to second
Pinch Hitting: RHB Ruben Arreola 0-0: Ball
1-0: Foul Ball, location: 2F
1-1: Ball
2-1: Fly out, F8 (Line Drive, 8RD, EV 88.1 MPH)
Bottom of the 6th over - 1 run, 0 hits, 3 errors, 3 left on base; Louisiana State University 2 - University of Oklahoma 3
TOP OF THE 7TH
Louisiana State University Tigers batting - Pitching for University of Oklahoma Sooners : RHP Frank Diego
Pitching: LHP Bruce Chapman
Now at 2B: Sam Mason
Now at 3B: David Stuckey
Now at SS: Pedro Marrero
Now in RF: Orlando Uribe
Batting: LHB John Carter 0-0: Foul Ball, location: 2F
0-1: Foul Ball, location: 2F
0-2: Ball
1-2: SOLO HOME RUN (Flyball, 9D, EV 95.6 MPH), Distance : 383 ft
Batting: RHB Elvin Ruffolo 0-0: Called Strike
0-1: Swinging Strike
0-2: Foul Ball, location: 2F
0-2: Strikes out looking
Batting: SHB Graham Beamish 0-0: Called Strike
0-1: Ball
1-1: Foul Ball, location: 2F
1-2: Ball
2-2: Ball
3-2: Foul Ball, location: 2F
3-2: Foul Ball, location: 2F
3-2: Foul Ball, location: 2F
3-2: Foul Ball, location: 2F
3-2: Foul Ball, location: 2F
3-2: DOUBLE (Groundball, 3L, EV 105.0 MPH)
Batting: RHB Michael Maier 0-0: Intentional Walk
Pitching: RHP Matthew Sax
Pinch Hitting: LHB Manny Grado 0-0: Ball
1-0: Called Strike
1-1: Ball
2-1: Fly out, F7 (Flyball, 7S, EV 90.0 MPH)
Pinch Hitting: LHB Jon Valdez 0-0: Ball
1-0: Swinging Strike
1-1: Foul Ball, location: 2F
1-2: Reached on error, E3 (Groundball, 34, EV 107.5 MPH)
Graham Beamish to third
Michael Maier to second
Batting: SHB Brian Caruso 0-0: Ball
1-0: Called Strike
1-1: Ball
2-1: Swinging Strike
2-2: Ball
3-2: Strikes out looking
Top of the 7th over - 1 run, 2 hits, 1 error, 3 left on base; Louisiana State University 3 - University of Oklahoma 3
BOTTOM OF THE 7TH
University of Oklahoma Sooners batting - Pitching for Louisiana State University Tigers : LHP Nathan Waters
Pitching: RHP Jeff Blankenship
Now at C: Paul Blaylock
Now at 1B: Pete Roberts
Batting: RHB Sugiarto Kartosuwiryo 0-0: Called Strike
0-1: Swinging Strike
0-2: Strikes out swinging
Pinch Hitting: LHB Min-zhong Ching 0-0: Ball
1-0: Fly out, F7 (Flyball, 7D, EV 96.9 MPH)
Batting: RHB Virgil Wenz 0-0: Ground out 6-3 (Groundball, 6, EV 91.9 MPH)
Bottom of the 7th over - 0 runs, 0 hits, 0 errors, 0 left on base; Louisiana State University 3 - University of Oklahoma 3
TOP OF THE 8TH
Louisiana State University Tigers batting - Pitching for University of Oklahoma Sooners : RHP Matthew Sax
Now in LF: Danny Ortiz
Pinch Hitting: RHB Byung-hee Jee 0-0: Ball
1-0: Foul Ball, location: 2F
1-1: Foul Ball, location: 2F
1-2: Fly out, F9 (Flyball, 89D, EV 96.9 MPH)
Batting: RHB Stewart Walker 0-0: Swinging Strike
0-1: Foul Ball, location: 2F
0-2: Foul Ball, location: 2F
0-2: Ball
1-2: Strikes out swinging
Batting: LHB John Carter 0-0: Foul Ball, location: 2F
0-1: Ball
1-1: Ball
2-1: Foul Ball, location: 2F
2-2: Foul Ball, location: 2F
2-2: Ball
3-2: Fly out, F7 (Flyball, 7, EV 86.2 MPH)
Top of the 8th over - 0 runs, 0 hits, 0 errors, 0 left on base; Louisiana State University 3 - University of Oklahoma 3
BOTTOM OF THE 8TH
University of Oklahoma Sooners batting - Pitching for Louisiana State University Tigers : RHP Jeff Blankenship
Pitching: LHP Logan Corrigan
Now at SS: Byung-hee Jee
Batting: LHB Pedro Marrero 0-0: Ground out U3 (Groundball, 3S, EV 83.8 MPH)
Batting: RHB David Stuckey 0-0: Called Strike
0-1: Ball
1-1: Foul Ball, location: 2F
1-2: Foul Ball, location: 2F
1-2: Ball
2-2: Ball
3-2: Ground out 6-3 (Groundball, 6, EV 91.2 MPH)
Pinch Hitting: LHB Jon Terrones 0-0: Ball
1-0: Called Strike
1-1: Foul Ball, location: 2F
1-2: Ball
2-2: Strikes out swinging
Bottom of the 8th over - 0 runs, 0 hits, 0 errors, 0 left on base; Louisiana State University 3 - University of Oklahoma 3
TOP OF THE 9TH
Louisiana State University Tigers batting - Pitching for University of Oklahoma Sooners : RHP Matthew Sax
DELAY Rain delay of 8 minutes in the 9th inning.
Pitching: LHP Billy Bradburn
Now at C: Ben Gappa
Batting: RHB Elvin Ruffolo 0-0: Called Strike
0-1: Ball
1-1: Ball
2-1: Ball
3-1: Ground out 4-3 (Groundball, 4M, EV 82.5 MPH)
Pinch Hitting: RHB Zachary Acker 0-0: Ball
1-0: Reached on error, E6 (Groundball, 6, EV 103.8 MPH)
Pinch Hitting: RHB Johnny Healey 0-0: Fly out, F8 (Flyball, 8RM, EV 83.1 MPH)
Batting: RHB Pete Roberts 0-0: Ball
Zachary Acker is caught stealing 2nd base 2-4
Top of the 9th over - 0 runs, 0 hits, 1 error, 0 left on base; Louisiana State University 3 - University of Oklahoma 3
BOTTOM OF THE 9TH
University of Oklahoma Sooners batting - Pitching for Louisiana State University Tigers : LHP Logan Corrigan
Pitching: RHP Jeremy Kolb
Now at 2B: Mike Catalano
Now at 3B: Bernie Benavides
Batting: RHB Sam Mason 0-0: Ball
1-0: Called Strike
1-1: Called Strike
1-2: Foul Ball, location: 2F
1-2: Ball
2-2: Foul Ball, location: 2F
2-2: Ball
3-2: Base on Balls
Batting: SHB Benedetto Legnano 0-0: Bunt missed!
0-1: Bunt missed!
0-2: Foul Ball, location: 2F
0-2: Ball
1-2: Strikes out swinging
Batting: SHB Orlando Uribe 0-0: Fielders Choice at 2nd, 4-6 (Groundball, 4, EV 81.9 MPH)
Batting: RHB Sugiarto Kartosuwiryo 0-0: Swinging Strike
0-1: Called Strike
0-2: Ball
1-2: Strikes out swinging
Bottom of the 9th over - 0 runs, 0 hits, 0 errors, 1 left on base; Louisiana State University 3 - University of Oklahoma 3
TOP OF THE 10TH
Louisiana State University Tigers batting - Pitching for University of Oklahoma Sooners : LHP Billy Bradburn
Pitching: LHP Jeff Bruggeman
Batting: RHB Pete Roberts 0-0: Ground out 4-3 (Groundball, 4S, EV 69.4 MPH)
Batting: SHB Paul Blaylock 0-0: Called Strike
0-1: Foul Ball, location: 2F
0-2: Ball
1-2: Foul Ball, location: 2F
1-2: Foul Ball, location: 2F
1-2: Strikes out swinging
Pinch Hitting: RHB Jake Garza 0-0: SINGLE (Groundball, 6MD, EV 105.6 MPH)
Pitching: RHP Alex Mendoza
Batting: RHB Byung-hee Jee 0-0: Called Strike
0-1: Ball
1-1: Ball
2-1: Called Strike
2-2: Foul Ball, location: 2F
2-2: Fly out, F8 (Flyball, 8RXD, EV 100.0 MPH)
Top of the 10th over - 0 runs, 1 hit, 0 errors, 1 left on base; Louisiana State University 3 - University of Oklahoma 3
BOTTOM OF THE 10TH
University of Oklahoma Sooners batting - Pitching for Louisiana State University Tigers : RHP Jeremy Kolb
Pitching: RHP Chris Douglas
Now in LF: Earl Silver
Pinch Hitting: LHB Nelson Morales 0-0: Ball
1-0: Ground out 4-3 (Groundball, 4, EV 86.9 MPH)
Batting: RHB Virgil Wenz 0-0: Ball
1-0: SINGLE (Groundball, 34D, EV 99.4 MPH)
Batting: LHB Pedro Marrero 0-0: Ball
Virgil Wenz steals 2nd base
1-0: Intentional Walk
Batting: RHB David Stuckey 0-0: Ball
1-0: Called Strike
Virgil Wenz is caught stealing 3rd base 2-5
1-1: Ball
2-1: Foul Ball, location: 2F
2-2: Strikes out looking
Bottom of the 10th over - 0 runs, 1 hit, 0 errors, 1 left on base; Louisiana State University 3 - University of Oklahoma 3
TOP OF THE 11TH
Louisiana State University Tigers batting - Pitching for University of Oklahoma Sooners : RHP Alex Mendoza
Pitching: LHP Doug Lacenaire
Now in LF: Tony Moore
Batting: RHB David Olivarez 0-0: Fly out, F7 (Flyball, 7, EV 91.2 MPH)
Batting: LHB John Carter 0-0: Foul Ball, location: 2F
0-1: Ball
1-1: Called Strike
1-2: Strikes out swinging
Batting: RHB Elvin Ruffolo 0-0: Ball
1-0: Foul Ball, location: 2F
1-1: Ball
2-1: Ball
3-1: Swinging Strike
3-2: Strikes out swinging
Top of the 11th over - 0 runs, 0 hits, 0 errors, 0 left on base; Louisiana State University 3 - University of Oklahoma 3
BOTTOM OF THE 11TH
University of Oklahoma Sooners batting - Pitching for Louisiana State University Tigers : RHP Chris Douglas
Pitching: LHP Bob Arms
Batting: RHB Ben Gappa 0-0: Called Strike
0-1: Ball
1-1: Called Strike
1-2: Strikes out looking
Batting: RHB Sam Mason 0-0: Ball
1-0: Called Strike
1-1: Ball
2-1: Ball
3-1: Base on Balls
Batting: SHB Benedetto Legnano 0-0: Ball
1-0: Ball
2-0: Called Strike
2-1: Foul Ball, location: 2F
2-2: Strikes out looking
Batting: SHB Orlando Uribe 0-0: Ground out 6-3 (Groundball, 6M, EV 89.4 MPH)
Bottom of the 11th over - 0 runs, 0 hits, 0 errors, 1 left on base; Louisiana State University 3 - University of Oklahoma 3
TOP OF THE 12TH
Louisiana State University Tigers batting - Pitching for University of Oklahoma Sooners : LHP Doug Lacenaire
Pitching: RHP Earl Freeman
Batting: RHB Mike Catalano 0-0: Foul Ball, location: 2F
0-1: Ground out 6-3 (Groundball, 6, EV 106.9 MPH)
DELAY Rain delay of 13 minutes in the 12th inning.
Batting: RHB Bernie Benavides 0-0: Ball
1-0: Ball
2-0: Ball
3-0: Called Strike
3-1: Called Strike
3-2: Base on Balls
Batting: RHB Pete Roberts 0-0: Ball
1-0: Called Strike
1-1: Fly out, F9 (Line Drive, 9S, EV 98.1 MPH)
Batting: SHB Paul Blaylock 0-0: Ball
1-0: Called Strike
1-1: Reached on error, E6 (Groundball, 6S, EV 70.6 MPH)
Bernie Benavides to second
Batting: LHB Earl Silver 0-0: Ball
1-0: Called Strike
1-1: Foul Ball, location: 2F
1-2: Foul Ball, location: 2F
1-2: Foul Ball, location: 2F
1-2: Foul Ball, location: 2F
1-2: Ball
2-2: Ball
3-2: Foul Ball, location: 2F
3-2: Fly out, F8 (Line Drive, 89M, EV 91.2 MPH)
Top of the 12th over - 0 runs, 0 hits, 1 error, 2 left on base; Louisiana State University 3 - University of Oklahoma 3
BOTTOM OF THE 12TH
University of Oklahoma Sooners batting - Pitching for Louisiana State University Tigers : LHP Bob Arms
Pitching: RHP Luo-shan Xú
Batting: RHB Sugiarto Kartosuwiryo 0-0: Foul Ball, location: 2F
0-1: Ball
1-1: Called Strike
1-2: Foul Ball, location: 2F
1-2: Ball
2-2: Strikes out looking
Batting: LHB Tony Moore 0-0: Ball
1-0: Ball
2-0: Ball
3-0: Called Strike
3-1: Called Strike
3-2: Foul Ball, location: 2F
3-2: Foul Ball, location: 2F
3-2: Base on Balls
Batting: RHB Virgil Wenz 0-0: Fielders Choice at 2nd, 6-4 (Groundball, 6, EV 77.5 MPH)
Batting: LHB Pedro Marrero 0-0: Ball
1-0: Ball
Virgil Wenz is caught stealing 2nd base 2-6
Bottom of the 12th over - 0 runs, 0 hits, 0 errors, 0 left on base; Louisiana State University 3 - University of Oklahoma 3
TOP OF THE 13TH
Louisiana State University Tigers batting - Pitching for University of Oklahoma Sooners : RHP Earl Freeman
Pitching: LHP Logan Watson
Batting: RHB Byung-hee Jee 0-0: Ball
1-0: Ball
2-0: Swinging Strike
2-1: Swinging Strike
2-2: Strikes out swinging
Batting: RHB Bobby Lozada 0-0: SINGLE (Line Drive, 34D, EV 96.2 MPH)
Batting: LHB John Carter 0-0: Called Strike
0-1: Ball
1-1: Foul Ball, location: 2F
1-2: SINGLE (Groundball, 56, EV 106.2 MPH)
Bobby Lozada to second
Batting: RHB Elvin Ruffolo 0-0: Ball
1-0: Swinging Strike
1-1: Swinging Strike
1-2: Ball
Wild Pitch!
Bobby Lozada to third
John Carter to second
2-2: Ball
3-2: Intentional Walk
Batting: RHB Mike Catalano 0-0: Called Strike
0-1: Ball
1-1: Swinging Strike
1-2: Grounds into fielders choice 6-2 (Groundball, 6, EV 89.4 MPH)
John Carter to third
Elvin Ruffolo to second
Batting: RHB Bernie Benavides 0-0: Ball
1-0: Ball
2-0: Ball
3-0: Base on Balls
John Carter scores
Elvin Ruffolo to third
Mike Catalano to second
Batting: RHB Pete Roberts 0-0: Called Strike
0-1: Foul Ball, location: 2F
0-2: Ball
1-2: Strikes out swinging
Top of the 13th over - 1 run, 2 hits, 0 errors, 3 left on base; Louisiana State University 4 - University of Oklahoma 3
BOTTOM OF THE 13TH
University of Oklahoma Sooners batting - Pitching for Louisiana State University Tigers : RHP Luo-shan Xú
Pitching: RHP Mike Moore
Batting: LHB Pedro Marrero 0-0: Foul Ball, location: 2F
0-1: Ball
1-1: Called Strike
1-2: SINGLE (Groundball, 6D, EV 98.1 MPH)
Batting: RHB David Stuckey 0-0: Ball
1-0: Ball
2-0: Called Strike
2-1: Fly out, F8 (Flyball, 8LD, EV 93.1 MPH)
Batting: RHB Ben Gappa 0-0: DOUBLE (Line Drive, 5D, EV 100.6 MPH)
Pedro Marrero to third
Runner from 3rd tries for Home, throw by LF and OUT! 7-6-2
Batting: RHB Sam Mason 0-0: Ball
1-0: Ball
2-0: Swinging Strike
2-1: Ball
3-1: Foul Ball, location: 2F
3-2: Strikes out swinging
Bottom of the 13th over - 0 runs, 2 hits, 0 errors, 1 left on base; Louisiana State University 4 - University of Oklahoma 3
Thursday, December 15th , 2022 - OOTP Baseball 23.9 Build 102